 Dungeon Crawl Stone Soup version 0.25.1-2-g60ff931df9 (webtiles) character file.

Game seed: 3892787260697834146

47587 Curus the Spear-Bearer (level 14, -2/133 HPs)
             Began as a Minotaur Gladiator on Oct 22, 2020.
             Was a High Priest of Okawaru.
             Slain by a dream sheep (20 damage)
             ... summoned by a boggart
             ... on level 6 of the Lair of Beasts.
             The game lasted 01:29:52 (20486 turns).

Curus the Spear-Bearer (Minotaur Gladiator)        Turns: 20486, Time: 01:29:53

Health: -2/133     AC: 24    Str: 20    XL:     14   Next: 9%
Magic:  18/18      EV: 13    Int:  9    God:    Okawaru [*****.]
Gold:   976        SH:  0    Dex: 20    Spells: 13/13 levels left

rFire    + + .     SeeInvis .   n - +4 trident (flame)
rCold    + . .     Gourm    .   M - +3 buckler of Dogmatism {+Blink rPois rF+ Stlth+}
rNeg     . . .     Faith    .   r - +2 plate armour
rPois    +         Spirit   .   c - +1 hat
rElec    .         Reflect  .   B - scarf {rC+ rF+}
rCorr    .         Harm     .   C - +0 pair of gloves
MR       +....                  H - +1 pair of boots "Loim" {Slay+2}
Stlth    ..........             u - amulet of magic regeneration
HPRegen  0.32/turn              A - +4 ring of evasion
MPRegen  0.41/turn              G - +6 ring of dexterity

@: sleeping, studying Dodging
A: retaliatory headbutt, horns 2, rugged brown scales 1, clever 1
a: Heroism, Finesse, Renounce Religion, Evoke Blink


You were on level 6 of the Lair of Beasts.
You worshipped Okawaru.
Okawaru was extremely pleased with you.
You were not hungry.

You visited 2 branches of the dungeon, and saw 17 of its levels.
You also visited: Ice Cave and Volcano.

You collected 976 gold pieces.

Inventory:

Hand Weapons
 a - a +1 war axe
 n - a +4 trident of flaming (weapon)
 O - the +8 fustibalus of Magnificence {flame, Int+4, unknown}
   (Okawaru gifted it to you on level 5 of the Lair of Beasts)

   It causes projectiles fired from it to burn those they strike, causing extra
   injury to most foes and up to half again as much damage against particularly
   susceptible opponents.
   It affects your intelligence (+4).
Missiles
 d - 4 throwing nets (quivered)
Armour
 b - a +0 leather armour
 c - a +1 hat (worn)
 e - a +0 ring mail
 h - a +0 chain mail
 p - a +0 cloak
 r - a +2 plate armour (worn)
 B - a scarf of resistance (worn)
 C - a +0 pair of gloves (worn)
 E - a +0 kite shield
 H - the +1 pair of boots "Loim" (worn) {Slay+2}
   (Okawaru gifted it to you in an ice cave)

   It affects your accuracy and damage with ranged weapons and melee attacks
   (+2).
 L - a scarf of invisibility
 M - the +3 buckler of Dogmatism (worn) {+Blink rPois rF+ Stlth+}
   (You found it on level 2 of the Lair of Beasts)

   It protects you from fire.
   It protects you from poison.
   It lets you blink.
   It makes you more stealthy.
Jewellery
 u - an amulet of magic regeneration (around neck)
 v - an uncursed ring of protection from cold
 A - a +4 ring of evasion (left hand)
 G - a +6 ring of dexterity (right hand)
 Q - an uncursed ring of protection from magic
Wands
 g - a wand of paralysis (21)
 q - a wand of polymorph (10)
 t - a wand of acid (12)
 w - a wand of flame (56)
 y - a wand of random effects (16)
Scrolls
 i - 5 scrolls of teleportation
 j - a scroll of magic mapping
 l - 12 scrolls of identify
 m - 3 scrolls of fear
 s - a scroll of blinking
 D - 7 scrolls of remove curse
 F - a scroll of amnesia
 I - 2 scrolls of enchant weapon
Potions
 k - 3 potions of haste
 o - a potion of ambrosia
 x - 5 potions of curing
 z - 2 potions of cancellation
 J - 2 potions of flight
 N - 2 potions of heal wounds
 P - 2 potions of stabbing
 R - a potion of brilliance
 T - 2 potions of berserk rage
Books
 K - a manual of Dodging
Comestibles
 f - 34 rations


   Skills:
 + Level 13.8 Fighting
 - Level 6.2(11.1) Axes
 - Level 14.0(14.4) Polearms
 - Level 2.0 Throwing
 + Level 13.6 Armour
 - Level 3.2 Dodging
 - Level 9.6 Shields
 - Level 7.0 Invocations
 - Level 7.3 Evocations


You had 13 spell levels left.
You didn't know any spells.
Your spell library contained the following spells:

 Spells                   Type           Power        Failure   Level  Hunger
 Animate Skeleton         Necr           N/A          99%         1    ##.....
 Apportation              Tloc           #.....       99%         1    ##.....
 Corona                   Hex            #......      99%         1    ##.....
 Magic Dart               Conj           #...         99%         1    ##.....
 Sandblast                Erth           #.....       99%         1    ##.....
 Summon Small Mammal      Summ           #...         99%         1    ##.....
 Blink                    Tloc           N/A          100%        2    ###....
 Call Imp                 Summ           #.......     100%        2    ###....
 Passwall                 Tmut/Erth      #.......     100%        2    ###....
 Slow                     Hex            #.......     100%        2    ###....
 Conjure Flame            Conj/Fire      #.......     100%        3    ####...
 Mephitic Cloud           Conj/Pois/Air  #.......     100%        3    ####...
 Stone Arrow              Conj/Erth      #.....       100%        3    ####...
 Petrify                  Tmut/Erth      #.......     100%        4    #####..
 Summon Lightning Spire   Summ/Air       #.......     100%        4    #####..
 Bolt of Magma            Conj/Fire/Erth #.........   100%        5    ######.
 Iskenderun's Battlesphe  Conj/Chrm      #.......     100%        5    ######.
 Lee's Rapid Deconstruct  Erth           #.........   100%        5    ######.
 Silence                  Hex/Air        #.........   100%        5    ######.
 Conjure Ball Lightning   Conj/Air       #.........   100%        6    #######
 Iron Shot                Conj/Erth      #.........   100%        6    #######
 Orb of Destruction       Conj           #.........   100%        7    #######
 Spellforged Servitor     Conj/Summ      #.........   100%        7    #######
 Tornado                  Air            #.........   100%        9    #######


Dungeon Overview and Level Annotations

Branches:
Dungeon (11/15)            Temple (0/1) D:5            Lair (6/6) D:11
 Shoals (0/4) Lair:2       Spider (0/4) Lair:2        Slime (0/5) Lair:6
  IceCv (visited)         Volcano (visited)
    Orc: D:9-12

Altars:
Ashenzari
Dithmenos
Hepliaklqana
Makhleb
Nemelex Xobeh
Okawaru
Ru
Uskayaw
The Shining One

Portals:
Trove: D:10 (show abyssal rune of Zot)

Annotations:
D:4 2 runed translucent doors, patan's ghost, amateur TrMo
Lair:1 exclusion: orange crystal statue
Lair:3 exclusion: oklob plant


Innate Abilities, Weirdness & Mutations

You reflexively headbutt those who attack you in melee.
You have a pair of horns on your head.
You are partially covered in rugged brown scales. (AC +1, +3% HP)
Your mind is acute. (Int +2)


Message History

You fall asleep.
The crocodile bites you but does no damage.
The boggart gestures wildly while chanting.
The boggart blinks!
The dream sheep barely misses you. The crocodile bites you!
You wake up.
* * * LOW HITPOINT WARNING * * *
The boggart gestures wildly while chanting.
The boggart flickers and vanishes!
Deactivating autopickup; reactivate with Ctrl-A.
Attack whom?
Press: ? - help, Dir - move target cursor You reach to attack!
You barely miss something. You block the dream sheep's attack.
The crocodile bites you but does no damage.
The dream sheep bites you but does no damage.
You closely miss something. You headbutt something!
The dream sheep shake their wool and sparkle.
You feel drowsy...
You fall asleep.
The dream sheep bites you!!
You die...

♣.♣♣
♣♣................†.
♣†♣♣♣...................
♣)♣.....................
♣†lY....................
♣♣....................P.
♣♣.Y.......###....##.P.
♣....Y..####..#.#####.
♣...YYt.## ##.### ##
♣....@...# ###
♣♣.......# ♣......## #
♣.......# ### ♣♣.....##
.8. ♣♣.....# ... ♣....##
. ♣♣....# . ♣....##


You could see a komodo dragon (summoned), a crocodile (summoned) and 5 dream
sheep.

Vanquished Creatures
  A white draconian (IceCv)
  Snorg (Lair:3)
  4 hydras
  5 two-headed ogres
  8 death yaks
  Urug (Lair:1)
  A salamander (Volcano)
  4 black mambas
  5 spiny frogs
  An ice statue (IceCv)
  2 komodo dragons
  A guardian mummy (D:10)
  A queen bee (Lair:4)
  Grinder (D:3)
  2 hornets
  A jumping spider (Lair:2)
  19 polar bears
  18 blink frogs
  3 meliai (Lair:4)
  7 dream sheep (Lair:5)
  A slime creature (Lair:6)
  A meliai zombie (D:10)
  7 hippogriffs
  Sigmund (D:5)
  2 spriggans (Lair:6)
  A wyvern (Lair:6)
  27 yaks
  2 redbacks (Lair:2)
  A basilisk (Lair:3)
  5 fire bats
  A hungry ghost (D:10)
  Eustachio (D:5)
  2 steam dragons
  Menkaure (D:4)
  8 water moccasins
  3 hell hounds (Volcano)
  10 porcupines
  Duvessa (D:7)
  4 sky beasts
  4 ice beasts
  2 necrophages
  3 ogres
  2 phantoms (D:9)
  A boggart (Lair:6)
  27 wolves
  11 centaurs
  13 crocodiles
  16 bullfrogs
  A wyvern zombie (D:10)
  5 scorpions
  A wyvern skeleton (D:7)
  Dowan (D:7)
  24 killer bees
  A howler monkey (D:7)
  8 wights (D:10)
  An electric eel (Lair:3)
  3 crimson imps
  3 centaur zombies
  A bullfrog zombie (D:7)
  3 hounds
  A centaur skeleton (D:4)
  4 jellies
  13 orc wizards
  3 bullfrog skeletons
  4 orc priests
  Ijyb (D:5)
  2 iguanas
  12 worker ants
  A hound skeleton (D:5)
  Robin (D:4)
  4 gnolls
  12 adders
  4 shadow imps
  12 white imps (Lair:1)
  An ooze (D:3)
  4 worms
  4 dart slugs
  6 leopard geckos
  32 orcs
  7 bats
  5 giant cockroaches
  18 goblins
  12 hobgoblins
  10 jackals
  4 quokkas
  3 ball pythons
  7 frilled lizards
  A jackal skeleton (D:4)
  A jackal zombie (D:5)
  10 kobolds
  A leopard gecko skeleton (D:4)
  2 leopard gecko zombies
  A quokka skeleton (D:8)
  6 rats
505 creatures vanquished.

Vanquished Creatures (others)
  A polar bear (IceCv)
  10 fungi
11 creatures vanquished.

Grand Total: 516 creatures vanquished

Notes
Turn   | Place    | Note
-------+----------+-------------------------------------------
     0 | D:1      | Curus the Minotaur Gladiator began the quest for the Orb.
     0 | D:1      | Reached XP level 1. HP: 18/18 MP: 0/0
   228 | D:1      | Reached XP level 2. HP: 25/25 MP: 1/1
   525 | D:1      | Reached skill level 5 in Axes
  1024 | D:1      | Reached XP level 3. HP: 30/30 MP: 2/2
  1679 | D:2      | Reached XP level 4. HP: 37/37 MP: 3/3
  2024 | D:3      | Reached skill level 1 in Polearms
  2215 | D:3      | Found a burning altar of Makhleb.
  2217 | D:3      | Found a shattered altar of Ashenzari.
  2260 | D:3      | Reached skill level 2 in Polearms
  2351 | D:3      | Reached skill level 3 in Polearms
  2351 | D:3      | Reached XP level 5. HP: 42/42 MP: 4/4
  2673 | D:3      | Noticed Grinder
  2674 | D:3      | Found a hide-covered altar of Uskayaw.
  2700 | D:3      | Killed Grinder
  2700 | D:3      | Reached skill level 6 in Polearms
  2700 | D:3      | Reached XP level 6. HP: 9/50 MP: 5/5
  3036 | D:3      | Noticed a sky beast
  3048 | D:3      | Killed a sky beast
  3211 | D:3      | Reached skill level 7 in Polearms
  3252 | D:3      | Found an iron altar of Okawaru.
  3257 | D:3      | Became a worshipper of Warmaster Okawaru
  3297 | D:4      | Noticed Robin
  3307 | D:4      | Reached XP level 7. HP: 42/56 MP: 6/6
  3815 | D:4      | Reached skill level 8 in Polearms
  4086 | D:4      | Killed Robin
  4152 | D:4      | Found a runed translucent door.
  4153 | D:4      | Noticed patan's ghost (amateur TrMo)
  4183 | D:4      | Reached skill level 9 in Polearms
  4292 | D:4      | Found a runed translucent door.
  4506 | D:4      | Noticed Menkaure
  4511 | D:4      | Killed Menkaure
  4511 | D:4      | Reached * piety under Okawaru
  4511 | D:4      | Reached XP level 8. HP: 18/62 MP: 7/7
  4778 | D:5      | Entered Level 5 of the Dungeon
  4875 | D:5      | Noticed Sigmund
  4878 | D:5      | Reached skill level 10 in Polearms
  5487 | D:5      | Found a sparkling altar of Nemelex Xobeh.
  5488 | D:5      | Found a sacrificial altar of Ru.
  5489 | D:5      | Found a glowing golden altar of the Shining One.
  5652 | D:5      | Killed Sigmund
  5652 | D:5      | Reached ** piety under Okawaru
  5652 | D:5      | Reached skill level 11 in Polearms
  5723 | D:5      | Noticed Eustachio
  5731 | D:5      | Killed Eustachio
  5738 | D:5      | Gained mutation: You are partially covered in rugged brown
                  | scales. (AC +1, +3% HP) [potion of mutation]
  5738 | D:5      | Gained mutation: Your mind is acute. (Int +2) [potion of
                  | mutation]
  5808 | D:5      | Found a staircase to the Ecumenical Temple.
  5937 | D:5      | Noticed Ijyb
  5947 | D:5      | Killed Ijyb
  6028 | D:6      | Reached skill level 12 in Polearms
  6245 | D:6      | Reached XP level 9. HP: 70/70 MP: 8/8
  6628 | D:6      | Found a burning altar of Makhleb.
  6702 | D:6      | Reached skill level 13 in Polearms
  7140 | D:7      | Reached *** piety under Okawaru
  7414 | D:7      | Noticed Dowan
  7415 | D:7      | Noticed Duvessa
  7437 | D:7      | Killed Duvessa
  7437 | D:7      | Killed Dowan
  7635 | D:7      | Reached skill level 14 in Polearms
  7848 | D:7      | Reached skill level 1 in Armour
  8621 | D:8      | Noticed a two-headed ogre
  8632 | D:8      | Killed a two-headed ogre
  8632 | D:8      | Reached **** piety under Okawaru
  8632 | D:8      | Reached skill level 5 in Fighting
  8632 | D:8      | Reached skill level 5 in Armour
  8632 | D:8      | Reached XP level 10. HP: 39/85 MP: 9/9
  8914 | D:8      | Found a hazy altar of Hepliaklqana.
  8915 | D:8      | Found a shadowy altar of Dithmenos.
  9514 | D:9      | Reached ***** piety under Okawaru
  9800 | D:9      | Noticed a two-headed ogre
  9818 | D:9      | Killed a two-headed ogre
  9818 | D:9      | Received a gift from Okawaru
 10532 | D:9      | Noticed a two-headed ogre
 10536 | D:9      | Killed a two-headed ogre
 10731 | D:10     | Entered Level 10 of the Dungeon
 10936 | D:10     | Reached XP level 11. HP: 97/99 MP: 10/10
 11078 | D:10     | Found a portal to a secret trove of treasure.
 11299 | D:10     | Reached skill level 10 in Fighting
 11490 | D:11     | Found a staircase to the Lair.
 11494 | Lair:1   | Entered Level 1 of the Lair of Beasts
 11512 | Lair:1   | Reached skill level 1 in Shields
 11514 | Lair:1   | Reached skill level 1 in Invocations
 11514 | Lair:1   | Reached skill level 1 in Evocations
 11529 | Lair:1   | Noticed an orange crystal statue
 11837 | Lair:1   | Found a frozen archway.
 11881 | IceCv    | Entered an ice cave
 12627 | IceCv    | Reached skill level 5 in Shields
 12835 | IceCv    | Received a gift from Okawaru
 12838 | IceCv    | Reached skill level 5 in Invocations
 12839 | IceCv    | Got a pair of crude boots {god gift}
 12858 | IceCv    | Identified the +1 pair of boots "Loim" {Slay+2} (Okawaru
                  | gifted it to you in an ice cave)
 13194 | IceCv    | Reached XP level 12. HP: 54/109 MP: 14/14
 13430 | IceCv    | Noticed a death yak
 13430 | IceCv    | Noticed a death yak
 13441 | IceCv    | Killed a death yak
 13441 | IceCv    | Reached skill level 5 in Evocations
 13449 | IceCv    | Killed a death yak
 13677 | IceCv    | Noticed a white draconian
 13716 | IceCv    | Killed a white draconian
 14170 | Lair:1   | Noticed a six-headed hydra
 14176 | Lair:1   | Killed a six-headed hydra
 14581 | Lair:1   | Noticed Urug
 14603 | Lair:1   | Killed Urug
 14868 | Lair:2   | Found a staircase to the Shoals.
 15010 | Lair:2   | Reached ****** piety under Okawaru
 15020 | Lair:2   | Found a hole to the Spider Nest.
 15074 | Lair:2   | Received a gift from Okawaru
 15338 | Lair:2   | Got a smoking buckler
 15427 | Lair:1   | Identified the +3 buckler of Dogmatism {+Blink rPois rF+
                  | Stlth+} (You found it on level 2 of the Lair of Beasts)
 15828 | Lair:3   | Noticed a five-headed hydra
 15838 | Lair:3   | Killed a five-headed hydra
 16024 | Lair:3   | Reached skill level 10 in Armour
 16182 | Lair:3   | Reached XP level 13. HP: 117/117 MP: 17/17
 16351 | Lair:3   | Noticed Snorg
 16364 | Lair:3   | Killed Snorg
 18215 | Lair:5   | Received a gift from Okawaru
 18220 | Lair:5   | Got a pitted fustibalus {god gift}
 19285 | Lair:6   | Entered Level 6 of the Lair of Beasts
 19391 | Lair:6   | Found a dark tunnel.
 19404 | Volcano  | Entered a volcano
 19462 | Volcano  | Received a gift from Okawaru
 20268 | Lair:6   | Found a staircase to the Slime Pits.
 20320 | Lair:6   | Reached XP level 14. HP: 122/132 MP: 18/18
 20486 | Lair:6   | Slain by a dream sheep

Illustrated notes

Levels and vault maps discovered:
D:1:      tarquinn_simple_flora_water_a, layout_basic, kennysheep_boxes
D:2:      layout_loops_ring, first_ration, glass_columns_b
D:3:      layout_basic, old_standard_altar, nicolae_overflow_hidden_temple,
          marbit_many_paths, kennysheep_generic_room_16, uniq_grinder
D:4:      layout_loops_cross, serial_aquarium, aquarium_bridge_square
          [aquarium_subvault_bridge, aquarium_subvault_wall,
          aquarium_subvault_wall, aquarium_subvault_wall],
          aquarium_bridge_straight [aquarium_subvault_bridge,
          aquarium_subvault_wall, aquarium_subvault_bridge,
          aquarium_subvault_window], aquarium_window_2, aquarium_window_1,
          aquarium_window_fake, aquarium_view_2b, ebering_ghost_sewer_f,
          uniq_menkaure, uniq_robin
D:5:      layout_loops_ring, chequers_temple_overflow_statue_of_worship,
          minmay_temple_entry_poolview, uniq_ijyb, uniq_sigmund, uniq_eustachio
D:6:      layout_basic, bloody_makhleb
D:7:      layout_cave_pods, uniq_duvessa
D:8:      layout_basic, riverfiend_overflow_shadow_ancestor
D:9:      layout_basic
D:10:     layout_rooms, nicolae_trove_entry_path_of_doom
D:11:     layout_irregular_city, lair_entry_dummy, orc_0_dummy
Lair:1:   layout_regular_city, portal_ice_cave_entry_imps, disabler_island,
          uniq_urug
Lair:2:   layout_chaotic_city, minmay_shoals_entry_centaurs, spider_nest_entry_a
Lair:3:   layout_gridlike, nicolae_quartered_pool_little, uniq_snorg
Lair:4:   layout_long_grid, special_room [special_room_bee]
Lair:5:   layout_long_grid
Lair:6:   minmay_lair_end_enchanted_forest, layout_big_grid,
          minmay_slime_entry_pillars, nicolae_volcano_entry_batcave,
          worms_lemuel, grunt_megastairs_1

Skill      XL: |  1  2  3  4  5  6  7  8  9 10 11 12 13 |
---------------+----------------------------------------+-----
Axes           | 4 5 6 |  6.2
Polearms       | 3 6 7 9 12 14 | 14.0
Armour         | 5 9 10 13 | 13.6
Fighting       | 5 9 10 13 | 13.8
Shields        | 6 9 |  9.6
Invocations    | 5 7 |  7.0
Evocations     | 4 7 |  7.3
Throwing       | |  2.0
Dodging        | |  3.2

Action                   |  1- 3 |  4- 6 |  7- 9 | 10-12 | 13-15 || total
-------------------------+-------+-------+-------+-------+-------++-------
Melee: War axe           |    79 |    14 |       |       |       ||    93
       Headbutt          |    10 |    24 |    49 |   161 |   135 ||   379
       Trident           |       |   117 |   381 |   742 |   496 ||  1736
Throw: Throwing net      |       |       |       |     1 |       ||     1
Invok: Heroism           |       |       |       |     3 |       ||     3
Evoke: Wand              |       |       |     1 |     2 |     2 ||     5
  Use: Scroll            |     6 |     4 |     4 |     8 |     2 ||    24
       Potion            |     3 |     4 |     5 |     3 |     1 ||    16
 Stab: Distracted        |       |       |       |     1 |       ||     1
       Invisible         |       |       |       |     2 |       ||     2
  Eat: Chunk             |     2 |     6 |    16 |    22 |     8 ||    54
       Ration            |       |       |       |     1 |     2 ||     3
Armor: Leather armour    |     5 |       |       |       |       ||     5
       Chain mail        |    12 |    54 |    52 |       |       ||   118
       Plate armour      |       |       |    83 |   256 |   145 ||   484
Dodge: Dodged            |    38 |    45 |    72 |   234 |   153 ||   542
Block: Kite shield       |       |       |       |   206 |       ||   206
       Buckler           |       |       |       |    12 |   175 ||   187
